Map: Emerald City LE

Players

Belgarath - Winner!

  • Race: Terran Terran
  • Spawn Location: 5:00

Vextor - Winner!

  • Race: Zerg Zerg
  • League: Diamond
  • Spawn Location: 5:00

qqq

  • Race: Zerg Zerg
  • Spawn Location: 11:00

Massa

  • Race: Terran Terran
  • Spawn Location: 11:00

VOD

Have the link to the VOD?

Description

Time

  • Played on: Jan. 26, 2021, 1:03 p.m.
  • Length: 12:10
Show
View Real Time Build Order
Export as new Build Order

Belgarath Terran - Winner!

Build Orders: Reaper Expand 

Get SALT Encoding   

  12  0:00  SCV  
  13  0:12  SCV  
  14  0:17  Supply Depot  
  14  0:24  SCV  
  15  0:38  SCV  
  15  0:39  Barracks  
  16  0:44  Refinery  
  16  0:50  SCV  
  17  1:03  SCV  
  18  1:15  SCV  
  19  1:31  Orbital Command  
  19  1:32  Reaper  
  20  1:46  Command Center  
  20  1:56  SCV  
  20  1:59  Supply Depot  
  21  2:10  SCV  
  21  2:12  Factory  
  22  2:22  SCV  
  22  2:36  Marine  
  23  2:40  SCV  
  23  2:47  Command Center  
  23  2:52  SCV  
  24  3:04  SCV  
  25  3:07  Factory Tech Lab  
  25  3:08  Barracks Reactor  
  25  3:17  SCV  
  26  3:29  SCV  
  26  3:31  Siege Tank  
  30  3:35  Barracks  
  30  3:37  Refinery, Barracks  
  30  3:41  SCV  
  31  3:44  Supply Depot  
  31  3:53  SCV  
  31  3:58  Marine x2  
  31  4:01  Orbital Command  
  33  4:05  SCV  
  34  4:16  Marine  
  35  4:17  SCV  
  35  4:20  Orbital Command  
  36  4:24  Barracks Tech Lab  
  36  4:25  Barracks Tech Lab  
  36  4:30  SCV  
  36  4:31  Marine  
  38  4:39  Marine  
  38  4:42  SCV  
  38  4:44  Starport, Stimpack  
  40  4:46  Combat Shield  
  40  4:51  SCV  
  41  4:58  Orbital Command  
  38  5:01  Marine x4  
  38  5:03  Cyclone  
  38  5:05  SCV x2  
  47  5:19  Marine x4  
  50  5:34  SCV x3  
  53  5:37  Marine x3  
  53  5:42  Marine  
  52  5:46  SCV x2, Siege Tank  
  55  5:54  Marine x2  
  55  5:55  Marine  
  54  6:00  SCV x3, Marine  
  54  6:04  Starport Reactor  
  58  6:08  Engineering Bay x2  
  58  6:12  SCV x3, Marine x3  
  58  6:13  Supply Depot  
  64  6:24  SCV x3  
  67  6:28  Marine  
  67  6:30  Marine x3  
  69  6:37  Refinery x2  
  69  6:38  Supply Depot  
  69  6:59  Marine x3  
  69  7:00  SCV x2, Supply Depot, Siege Tank  
  77  7:08  Terran Infantry Armor Level 1, Terran Infantry Weapons Level 1, Supply Depot x2  
  77  7:15  Supply Depot  
  77  7:21  SCV x3, Marine x4  
  84  7:29  Medivac x2  
  88  7:34  SCV  
  89  7:39  Marine x4  
  90  7:51  Missile Turret  
  90  7:54  Missile Turret  
  90  7:55  Missile Turret  
  90  7:57  Barracks x2, Marine x4  
  90  7:58  Missile Turret  
  92  8:06  Siege Tank  
  94  8:15  Marine x4  
  93  8:28  SCV x3  
  93  8:30  Medivac x2  
  93  8:32  Marine x4  
  104  8:37  Supply Depot  
  104  8:38  Siege Tank  
  104  8:40  SCV x2  
  109  8:42  Supply Depot  
  109  8:46  Supply Depot  
  109  8:47  Armory  
  109  8:52  Supply Depot  
  109  8:54  Supply Depot  
  109  8:58  SCV x3, Marine x4  
  116  9:10  Barracks Reactor x2, SCV x2  
  116  9:11  SCV  
  116  9:16  Marine x4  
  123  9:20  Siege Tank  
  123  9:22  SCV x2  
  123  9:23  SCV  
  129  9:25  Medivac x2  
  126  9:34  Marine x4  
  126  9:35  SCV x3  
  127  9:47  SCV x2  
  127  9:51  Marine x4  
  126  9:56  Marine x4  
  130  10:05  SCV, Medivac x2, Siege Tank  
  138  10:09  Marine x3  
  123  10:25  Marine  
  123  10:26  Marine x4  
  123  10:27  Marine x3  
  123  10:28  SCV x2  
  132  10:29  Refinery  
  132  10:31  Refinery  
  130  10:40  Command Center  
  130  10:43  Marine x2  
  130  10:44  Marine x3  
  130  10:45  Marine x2  
  130  10:46  Marine  
  130  10:47  Siege Tank  
  141  10:53  Supply Depot  
  141  10:55  Command Center, Supply Depot  
  141  11:01  Marine x3  
  136  11:18  Marine x5  
  137  11:19  Marine x3  
  144  11:35  Marine  
  144  11:36  Marine x4  
  144  11:37  Marine x2  
  144  11:39  Marine  
  156  12:07  Barracks  
  156  12:08  Barracks  
Show
View Real Time Build Order
Export as new Build Order

Vextor Zerg - Winner!

Build Orders: Hatch First 

Get SALT Encoding   

  12  0:00  Drone  
  13  0:13  Overlord  
  13  0:16  Drone  
  14  0:31  Drone  
  14  0:32  Drone  
  16  0:50  Hatchery  
  16  0:54  Drone  
  16  0:57  Drone  
  17  1:13  Spawning Pool  
  17  1:14  Extractor  
  17  1:16  Drone  
  16  1:20  Drone  
  16  1:23  Drone  
  18  1:28  Drone  
  19  1:40  Overlord  
  19  2:00  Queen, Zergling x2  
  22  2:01  Zergling x2  
  22  2:02  Queen  
  22  2:05  Zergling x2  
  26  2:14  Drone x2  
  28  2:24  Drone x2  
  28  2:28  Metabolic Boost  
  30  2:34  Drone x2  
  32  2:44  Drone  
  33  2:45  Drone  
  34  3:04  Drone x2  
  36  3:13  Overlord  
  36  3:17  Hatchery  
  35  3:23  Queen  
  35  3:28  Zergling x2  
  35  3:29  Zergling x2  
  35  3:30  Overlord  
  35  3:33  Zergling x2  
  35  3:34  Zergling x6  
  40  3:42  Drone  
  40  3:43  Drone x3  
  44  3:51  Drone  
  44  3:52  Drone x2  
  47  3:56  Drone x2  
  47  4:02  Drone  
  50  4:14  Drone x2  
  52  4:22  Lair  
  52  4:24  Extractor  
  52  4:26  Baneling Nest  
  52  4:27  Evolution Chamber x2  
  42  4:34  Zergling x10  
  42  4:35  Zergling x4  
  42  4:37  Extractor  
  48  4:39  Extractor, Queen  
  48  4:43  Zergling x2  
  48  4:44  Zergling x4  
  45  5:10  Drone x4  
  45  5:11  Drone x5  
  44  5:36  Centrifical Hooks  
  44  5:41  Zerg Melee Weapons Level 1  
  39  5:45  Drone x2, Zerg Ground Armor Level 1  
  39  5:46  Zergling x12  
  44  5:59  Overlord  
  44  6:00  Overlord  
  44  6:01  Zergling x4  
  44  6:02  Zergling x2  
  47  6:05  Drone x2  
  47  6:08  Hatchery  
  47  6:19  Drone  
  47  6:20  Drone x3  
  51  6:38  Baneling x4  
  51  6:41  Drone  
  51  6:42  Drone x4  
  51  6:43  Drone  
  57  7:07  Queen  
  59  7:12  Hydralisk Den  
  59  7:13  Drone  
  59  7:14  Hatchery, Overlord x2  
  58  7:23  Drone x5  
  58  7:25  Zergling x2  
  58  7:28  Spore Crawler  
  63  7:31  Spore Crawler  
  63  7:34  Hatchery  
  61  7:37  Zerg Melee Weapons Level 2  
  61  7:40  Zerg Ground Armor Level 2  
  61  8:00  Spore Crawler  
  61  8:01  Spore Crawler  
  61  8:03  Spore Crawler  
  58  8:27  Drone x13  
  57  8:28  Drone x3, Queen  
  57  8:33  Drone  
  75  8:40  Queen  
  77  8:42  Queen  
  77  8:48  Extractor, Drone  
  78  8:49  Extractor, Drone x5  
  78  9:08  Drone  
  78  9:09  Drone x5  
  83  9:12  Zergling x4  
  83  9:13  Zergling x18  
  94  9:19  Zergling x4  
  94  9:20  Queen  
  95  9:38  Zergling x2  
  95  9:39  Zergling x12  
  100  9:59  Infestation Pit  
  95  10:04  Extractor, Drone  
  95  10:05  Extractor  
  95  10:06  Drone x3  
  95  10:07  Drone x3  
  98  10:08  Drone  
  98  10:09  Drone  
  98  10:12  Overlord x6  
  91  10:41  Zergling x4  
  91  10:42  Zergling x48  
  109  10:52  Hive  
  109  10:55  Drone  
  109  10:56  Drone x2  
Show
View Real Time Build Order
Export as new Build Order

qqq Zerg 

Build Orders: Hatch First 

Get SALT Encoding   

  12  0:04  Drone  
  13  0:14  Drone  
  14  0:20  Overlord  
  14  0:49  Drone  
  15  0:52  Drone  
  15  0:56  Hatchery, Drone  
  16  1:06  Drone  
  17  1:27  Extractor, Spawning Pool  
  15  1:35  Drone x3  
  18  1:48  Drone  
  19  2:04  Drone  
  20  2:11  Drone  
  20  2:14  Queen  
  20  2:15  Queen  
  23  2:16  Overlord  
  23  2:19  Drone  
  26  2:30  Zergling x2  
  26  2:31  Drone  
  26  2:33  Overlord  
  26  2:58  Drone x2  
  26  3:00  Zergling x2  
  26  3:01  Zergling x2  
  26  3:02  Metabolic Boost  
  30  3:08  Lair  
  30  3:13  Drone x2  
  32  3:33  Zergling x8  
  36  3:34  Zergling x4  
  36  3:35  Drone  
  36  3:36  Drone x3  
  42  3:45  Zergling x2  
  42  3:46  Zergling x2  
  44  3:58  Overlord  
  44  4:04  Overlord  
  44  4:08  Overlord  
  44  4:11  Hatchery  
  43  4:19  Zergling x2  
  43  4:20  Zergling x4  
  43  4:21  Zergling x2  
  48  4:31  Zergling x2  
  48  4:32  Drone x2, Zergling x2  
  48  4:36  Extractor  
  50  4:38  Spire  
  44  4:57  Zergling x2  
  44  4:58  Zergling x6  
  44  4:59  Drone, Zergling x2  
  44  5:05  Zergling x2  
  45  5:10  Drone x3  
  48  5:21  Zergling x8  
  51  5:23  Drone, Zergling x2  
  54  5:34  Zergling x2  
  54  5:35  Drone x2, Zergling x6  
  59  5:36  Drone  
  54  5:52  Zergling x8  
  54  5:53  Zergling x4  
  55  6:02  Zergling x2  
  56  6:04  Drone  
  56  6:05  Drone x3, Evolution Chamber x2  
  58  6:15  Drone  
  58  6:17  Overlord  
  58  6:18  Zergling x2, Overlord  
  60  6:23  Queen  
  62  6:28  Hatchery  
  60  6:34  Mutalisk x3, Zergling x2  
  60  6:36  Drone  
  60  6:38  Drone  
  66  6:53  Zerg Ground Armor Level 1  
  64  6:56  Zergling x6, Overlord x2  
  64  6:57  Zergling x2  
  64  6:58  Drone  
  69  7:03  Zerg Melee Weapons Level 1  
  69  7:11  Zergling x4  
  69  7:12  Zergling x8  
  69  7:13  Drone  
  76  7:18  Extractor  
  76  7:19  Extractor  
  76  7:21  Drone x2  
  76  7:22  Drone  
  77  7:23  Mutalisk  
  77  7:25  Drone  
  77  7:54  Mutalisk x2  
  77  7:55  Zergling x6  
  77  7:56  Zergling x4  
  77  7:57  Zergling x2  
  77  7:58  Drone x5  
  85  8:26  Mutalisk  
  71  8:28  Overlord x3  
  71  8:35  Drone x2  
  71  8:36  Infestation Pit  
  71  8:39  Drone x2  
  71  8:40  Drone x4  
  78  8:42  Extractor  
  78  8:43  Extractor  
  78  8:44  Spine Crawler  
  75  8:50  Mutalisk  
  75  8:51  Mutalisk  
  75  8:55  Drone x2  
  79  9:08  Drone x2  
  77  9:15  Drone x3  
  77  9:16  Drone x2  
  82  9:18  Extractor x2  
  80  9:26  Drone  
  80  9:27  Drone  
  80  9:29  Drone  
  83  9:36  Hatchery  
  73  9:42  Hive  
  73  9:46  Drone x3  
  73  9:47  Drone x2, Zergling x2  
  73  9:48  Mutalisk x6  
  89  10:05  Corruptor x3  
  75  10:13  Mutalisk  
  69  10:22  Zergling x10  
  69  10:23  Drone x4  
  69  10:24  Drone x2  
  80  10:34  Drone x2  
  80  10:35  Drone x2, Mutalisk x2  
  76  10:36  Zergling x6  
  77  10:51  Drone x3  
  77  10:52  Drone  
  69  11:12  Drone x2  
  69  11:13  Drone x5  
  69  11:14  Mutalisk  
  74  11:24  Mutalisk x2  
  75  11:28  Drone x3  
  58  11:36  Drone x2  
  58  11:37  Spine Crawler  
  57  11:40  Spine Crawler  
  57  11:42  Spine Crawler  
  46  11:55  Drone  
Show
View Real Time Build Order
Export as new Build Order

Massa Terran 

Build Orders:  

Get SALT Encoding   

  12  0:00  SCV  
  13  0:12  SCV  
  14  0:18  Supply Depot  
  14  0:24  SCV  
  15  0:39  SCV  
  15  0:42  Barracks  
  16  0:51  SCV  
  16  0:53  Refinery  
  16  0:56  Refinery  
  17  1:03  SCV  
  18  1:16  SCV  
  19  1:28  SCV  
  19  1:29  Marine  
  21  1:39  Factory  
  21  1:46  Orbital Command  
  21  1:54  Barracks Tech Lab  
  21  2:07  Supply Depot  
  21  2:13  SCV  
  22  2:36  Reaper  
  22  2:38  Widow Mine  
  22  2:40  SCV  
  22  2:43  Armory  
  24  2:52  Starport  
  23  3:31  Thor  
  29  3:36  Medivac  
  31  3:43  Command Center  
  31  3:46  Supply Depot  
  31  3:47  Supply Depot  
  31  4:07  SCV  
  32  4:14  Siege Tank  
  34  4:19  SCV  
  34  4:21  Barracks Tech Lab  
  34  4:23  Medivac  
  37  4:31  SCV, Barracks  
  38  4:43  SCV  
  38  4:44  Stimpack  
  38  4:45  Marine  
  40  5:02  Marine  
  41  5:37  SCV  
  41  5:39  Orbital Command  
  42  5:48  Starport Tech Lab  
  43  5:50  SCV  
  43  5:52  Siege Tank  
  43  5:55  Barracks Reactor  
  46  6:00  Barracks  
  46  6:02  SCV  
  46  6:03  Barracks  
  46  6:04  Barracks x2  
  47  6:14  SCV  
  48  6:26  SCV  
  49  6:37  Marine x2  
  49  6:38  SCV, Marauder  
  49  6:39  Combat Shield  
  54  6:40  SCV  
  54  6:44  Refinery  
  54  6:45  Thor  
  55  6:48  Barracks Reactor, Engineering Bay  
  55  6:50  SCV, Barracks Tech Lab  
  55  6:51  Barracks Tech Lab  
  55  6:52  Barracks Reactor, SCV  
  57  6:55  Marine x2  
  57  6:59  Marauder  
  61  7:02  SCV  
  62  7:14  Supply Depot  
  62  7:16  Supply Depot  
  62  7:17  Supply Depot  
  62  7:36  SCV x2  
  64  7:40  Supply Depot  
  64  7:42  Supply Depot x2  
  64  7:48  SCV x2  
  66  7:58  Command Center  
  66  8:00  SCV x2  
  66  8:02  Siege Tank  
  66  8:04  Marauder, Marine  
  74  8:07  Command Center  
  74  8:08  Marauder  
  74  8:12  SCV  
  77  8:13  Marine x3  
  77  8:15  Marine  
  81  8:25  Marauder  
  83  8:33  SCV x2  
  85  8:37  Marauder x2, Marine x6  
  95  8:46  Marine  
  96  8:54  Marine  
  96  8:55  Marine  
  98  9:03  Refinery  
  98  9:15  SCV x3  
  101  9:27  SCV x3  
  89  9:39  SCV x3  
  76  9:50  Marauder x3, Marine  
  76  9:51  SCV x3, Marine x5  
  84  10:03  SCV x2  
  84  10:04  SCV  
  87  10:08  Marine  
  87  10:09  Marine x5  
  87  10:11  Marauder x2  
  87  10:12  Marauder  
  95  10:15  SCV x2  
  95  10:16  SCV  
  89  10:26  Marine  
  78  10:31  Marine  
  78  10:32  Marine x4  
  78  10:33  Marauder x3  
  88  10:38  Siege Tank  
  91  10:44  Marine  
  91  10:49  Marine x5  
  93  10:54  Marauder x3  
  103  11:02  Marine  
  99  11:07  Marine x3  
  99  11:09  Marine  
  99  11:10  Marine, Siege Tank  
  83  11:15  Marauder  
  83  11:16  Marauder x2, Medivac  
  80  11:19  Marine  
  80  11:24  Marine  
  82  11:29  Command Center  
  82  11:37  Marauder  
  82  11:38  Marauder x2  
Tags
 
Add a new tag
Caveats
  • Supply blocks, unpowered buildings, or Contaminate may cause inaccurate times.
  • Supply counts are checked every 10 seconds.